 Dungeon Crawl Stone Soup version 0.27-a0-54-g64bdb92e38 (webtiles) character file.

Game seed: 7920300920877830856

65 tatocazan the Magician (level 3, 0/19 HPs)
             Began as a Deep Elf Air Elementalist on Jan 7, 2021.
             Slain by Terence
             ... wielding a +0 flail
              (8 damage)
             ... on level 2 of the Dungeon.
             The game lasted 00:03:53 (2021 turns).

tatocazan the Magician (Deep Elf Air Elementalist)  Turns: 2021, Time: 00:03:54

Health: 0/19       AC:  3    Str:  5    XL:     3   Next: 92%
Magic:  0/10       EV: 13    Int: 20    God:
Gold:   154        SH:  0    Dex: 15    Spells: 3/9 levels left

rFire    . . .     SeeInvis .   (no weapon)
rCold    . . .     Faith    .   (no shield)
rNeg     . . .     Spirit   .   a - +0 robe
rPois    .         Reflect  .   (no helmet)
rElec    .         Harm     .   c - +0 cloak
rCorr    .         Rampage  .   (no gloves)
Will     .....                  (no boots)
Stlth    ++........             (no amulet)
HPRegen  0.06/turn              (no ring)
MPRegen  0.12/turn              (no ring)

@: no status effects
A: no striking features
a: no special abilities


You were on level 2 of the Dungeon.
You visited 1 branch of the dungeon, and saw 2 of its levels.

You collected 154 gold pieces.

Inventory:

Armour
 a - a +0 robe (worn)
 c - a +0 cloak (worn)
Jewellery
 g - an uncursed ring of willpower {unknown}
Scrolls
 d - 2 scrolls of identify
 h - a scroll of amnesia {unknown}
Potions
 b - 2 potions of curing {unknown}
 e - a potion of brilliance {unknown}
 f - a potion of might
 i - a potion of ambrosia {unknown}


   Skills:
 + Level 3.1 Dodging
 + Level 3.2 Stealth
 * Level 3.9 Spellcasting
 + Level 1.9 Conjurations
 * Level 3.4 Air Magic


You had 3 spell levels left.
You knew the following spells:

 Your Spells              Type           Power        Failure   Level
a - Shock                 Conj/Air       56%          4%          1
b - Swiftness             Air            17%          4%          2
c - Static Discharge      Conj/Air       14%          13%         3

Your spell library contained the following spells:

 Spells                   Type           Power        Failure   Level
 Airstrike                Air            8%           30%         4
 Lightning Bolt           Conj/Air       7%           75%         5


Dungeon Overview and Level Annotations

Branches:
Dungeon (2/15)

Altars:

Annotations:
D:2 Terence


Message History

Aim: Terence, wielding a +0 flail and wearing a +0 ring mail (almost dead, strong, 25% to evade)
The zap hits Terence but does no damage.
Terence is almost dead.
You now have 1/10 mp.
Casting: Shock (safe; 4% risk of failure)
Confirm with . or Enter, or press ? or * to list all spells.
Aiming: Shock (safe; 4% risk of failure)
Press: ? - help, Shift-Dir - straight line, f/p - Terence
Aim: Terence, wielding a +0 flail and wearing a +0 ring mail (almost dead, strong, 25% to evade)
The zap misses Terence.
Terence barely misses you.
Terence says, "Rest in peace."
Casting: Shock (safe; 4% risk of failure)
Confirm with . or Enter, or press ? or * to list all spells.
Aiming: Shock (safe; 4% risk of failure)
Press: ? - help, Shift-Dir - straight line, f/p - Terence
Aim: Terence, wielding a +0 flail and wearing a +0 ring mail (almost dead, strong, 25% to evade)
The zap hits Terence but does no damage.
Terence is almost dead.
The zap misses Terence.
Terence hits you with a +0 flail!
You die...

#####... ........ ....?. ...
#####... ##.#... ... #.. ..?..
.... #.# .)....... #.#
###..##..# #.# #. ...... #.#
#.##..#.######### #.# #
#.@@..#.##......# #.#########.
#####.#.##.####.#
#.#....(....#'###'#.#.##.####.#
#.#.########...............##.#
'..................#..##.#.##.#
#..########........#)...<#.##.#
#..#......#........#.....#....#
+..#.####.#........##....######
##.#.#.##.#........##.......


You could see Terence (strong).

Vanquished Creatures
  An adder (D:2)
  A worm (D:2)
  A dart slug (D:1)
  7 bats
  A giant cockroach (D:1)
  8 goblins
  9 hobgoblins
  4 kobolds (D:1)
  2 quokkas
  A ball python (D:1)
  4 frilled lizards
  7 rats
46 creatures vanquished.

Notes
Turn   | Place    | Note
-------+----------+-------------------------------------------
     0 | D:1      | tatocazan the Deep Elf Air Elementalist began the quest for
                  | the Orb.
     0 | D:1      | Reached XP level 1. HP: 10/10 MP: 6/6
   275 | D:1      | Reached XP level 2. HP: 15/15 MP: 0/8
   731 | D:1      | Learned a level 2 spell: Swiftness
   890 | D:1      | Reached XP level 3. HP: 19/19 MP: 6/9
  1722 | D:2      | Learned a level 3 spell: Static Discharge
  1869 | D:2      | Noticed Terence
  2021 | D:2      | Slain by Terence

Illustrated notes

Levels and vault maps discovered:
D:1:      dpeg_arrival_arbitrary_a, layout_basic, minmay_hexomino_f4
D:2:      layout_basic, uniq_terence

Skill      XL: |  1  2  3 |
---------------+----------+-----
Stealth        | 3 |  3.2
Dodging        | 3 |  3.1
Spellcasting   | |  3.9
Conjurations   | |  1.9
Air Magic      | |  3.4

Action                   || total
-------------------------++-------
 Cast: Shock             ||    97
       Static Discharge  ||     1
  Use: Scroll            ||     1
Armor: Robe              ||     4
Dodge: Dodged            ||    20

Table legend: (Time is in decaauts)
 A = Elapsed time spent in this place.
 B = Non-inter-level travel time spent in this place.
 C = Inter-level travel time spent in this place.
 D = Time resting spent in this place.
 E = Time spent auto-exploring this place.
 F = Levels seen in this place.
 G = Mean time per level.
                   A        B        C        D        E       F      G
               +--------+--------+--------+--------+--------+-----+--------+
         Total |   2021 |   1983 |     38 |    557 |   1206 |   2 | 1010.5 |
       Dungeon |   2021 |   1983 |     38 |    557 |   1206 |   2 | 1010.5 |
               +--------+--------+--------+--------+--------+-----+--------+

Top non-repeatable levels by time:
     D:1: 1498 daAuts
     D:2: 523 daAuts
